Unix NetHack Version 3.7.0-86 Work-in-progress - last build May 30 2023 01:50:43 (cc98dc9aa62a9957b082a042edf5bd7ec9f632c7,branch:master). Game began 2023-06-30 15:58:34, ended 2023-07-21 10:26:14. spline, lawful female human Valkyrie ----- |@..| ---- |a..| --... ----.--- ---...- |....| |...--- -.---- |...| ...| -----.|.| ...-----.....|.| .)[.).**.---...| .....------..--- -....---....-- ...........---- ...........| --.......-- |......-- |.....-- |.....| ---...| |..-- ---- Spline the Fighter St:18/02 Dx:12 Co:17 In:11 Wi:8 Ch:8 Lawful Dlvl:8 $:0 HP:0(64) Pw:14(14) AC:3 Xp:6/529 T:2357 Latest messages: You hear a G note squeak in the distance. You stop eating the gnome lord corpse. You kill the gnome! There is a partly eaten gnome lord corpse here; eat it? [ynq] (n) y You consume the last bite of your meal. You finish eating the gnome lord corpse. You kill the gnome! You see here an aklys. You see here a banded mail. You miss the ochre jelly. You hit the ochre jelly! You are splashed by the ochre jelly's acid! You hit the ochre jelly! You are splashed by the ochre jelly's acid! Your spear corrodes! You are hit by a dart. You miss the ochre jelly. You hit the ochre jelly! You are splashed by the ochre jelly's acid! You kill the ochre jelly! You are splashed by the ochre jelly's acid! You hit the gnome! You kill the gnome! You see here 7 darts. k - 7 darts (18 in total). You see here a dart. k - a dart (19 in total). You see here an orange gem. You see here an aklys. You see here a banded mail. There is an ochre jelly corpse here; eat it? [ynq] (n) y You have a very bad case of stomach acid. You finish eating the ochre jelly corpse. You feel less concerned about being harmed by acid. You no longer feel safe from acid. A bear trap closes on your foot! You are caught in a bear trap. You are caught in a bear trap. You are caught in a bear trap. You are caught in a bear trap. You are caught in a bear trap. You are caught in a bear trap. You hit the giant beetle! The giant beetle bites! You die... Do you want your possessions identified? [ynq] (y) n Do you want to see your attributes? [ynq] (y) n Do you want an account of creatures vanquished? [ynaq] (y) n Do you want to see your conduct and achievements? [ynq] (y) n Do you want to see the dungeon overview? [ynq] (y) n Inventory: Weapons u - 17 +0 darts k - 19 cursed +0 darts b - a +0 dagger (alternate weapon; not wielded) f - a +0 orcish dagger a - a corroded +1 spear (weapon in hand) Armor g - an uncursed rusty +0 orcish helm (being worn) c - an uncursed +3 small shield (being worn) o - a blessed +0 leather cloak s - an uncursed +0 ring mail (being worn) Comestibles d - an uncursed food ration z - an uncursed food ration p - an uncursed tin of smoked iguana meat Scrolls l - an uncursed scroll of enchant armor h - an uncursed scroll of fire q - a cursed scroll of identify B - a blessed scroll of magic mapping Potions m - an uncursed potion of gain ability w - a blessed potion of levitation A - an uncursed potion of object detection v - an uncursed potion of restore ability i - a potion of holy water C - an uncursed potion of water Wands x - a wand of light (0:11) Tools t - a cursed tin opener Spline the Valkyrie's attributes: Background: You were a Fighter, a level 6 human Valkyrie. You were lawful, on a mission for Tyr who was opposed by Odin (neutral) and Loki (chaotic). You were in the Gnomish Mines, on level 8. You entered the dungeon 2357 turns ago. You had 529 experience points, 111 more were needed to attain level 7. Basics: You had 0 out of 64 hit points. You had all 14 energy points (spell power). Your armor class was 3. Your wallet was empty. Autopickup was off. Final Characteristics: Your strength was 18/02 (limit:18/100). Your dexterity was 12 (base:13, limit:18). Your constitution was 17 (peak:18, limit:18). Your intelligence was 11 (limit:18). Your wisdom was 8 (limit:18). Your charisma was 8 (limit:18). Final Status: You were trapped in a bear trap. You had a wounded left leg. You were not hungry. You were unencumbered. You were wielding a spear. You were skilled in spear. Final Attributes: You were piously aligned. You were cold resistant. You were stealthy. You were warded. You are dead. Miscellaneous: You never encountered a bones level. Total elapsed playing time was 1 hour, 12 minutes and 19 seconds. Major events: Turn 1: spline the lawful human Valkyrie entered the dungeon 623: entered the Gnomish Mines 642: attained the rank of Skirmisher (level 3) 1942: attained the rank of Fighter (level 6) 2357: killed by a giant beetle Vanquished creatures: an ochre jelly a pony a yellow light 6 gnome leaders a giant ant a little dog a dwarf 2 homunculi 3 hill orcs 2 dwarf zombies a wererat 2 giant rats 32 gnomes 2 jackals a fox a kobold 4 goblins 2 grid bugs 3 newts 67 creatures vanquished. No species were genocided or became extinct. Voluntary challenges: You were illiterate. You never engraved Elbereth. You never genocided any monsters. You never polymorphed an object. You never changed form. You used no wishes. Achievements: You entered a shop. You entered the Gnomish Mines. You attained the rank of Skirmisher. You attained the rank of Fighter. The Dungeons of Doom: levels 1 to 3 Level 1: Level 2: A general store, a grave. Stairs down to The Gnomish Mines. Level 3: The Gnomish Mines: levels 3 to 8 Level 3: Level 4: Level 5: Level 6: Level 8: <- You were here. Final resting place for you, killed by a giant beetle. Game over: ---------- / \ / REST \ / IN \ / PEACE \ / \ | spline | | 0 Au | | killed by a | | giant beetle | | | | | | 2023 | *| * * * | * _________)/\\_//(\/(/\)/\//\/|_)_______ Farvel spline the Valkyrie... You died in The Gnomish Mines on dungeon level 8 with 2466 points, and 0 pieces of gold, after 2357 moves. You were level 6 with a maximum of 64 hit points when you died.